 Dungeon Crawl Stone Soup version 0.30-a0-475-g03497ec522 (webtiles) character file.

Game seed: 15237058874280470772

93051 karrick the Slayer (level 16, -4/123 HPs)
             Began as a Gargoyle Fighter on Dec 20, 2022.
             Was the Champion of Okawaru.
             Killed from afar by a balrug (43 damage)
             ... with a bolt of fire
             ... on level 3 of the Abyss on Dec 21, 2022.
             The game lasted 00:54:25 (24392 turns).

karrick the Slayer (Gargoyle Fighter)              Turns: 24392, Time: 00:54:26

Health: -4/123     AC: 34    Str: 26    XL:     16   Next: 7%
Magic:  0/16       EV: 16    Int: 11    God:    Okawaru [******]
Gold:   520        SH: 11    Dex: 15    Spells: 15/15 levels left

rFire   . . .      SeeInvis +    d - +6 broad axe (holy)
rCold   . . .      Faith    .    L - +2 buckler
rNeg    + . .      Spirit   +    H - +3 scale mail
rPois   ∞          Reflect  .    I - +3 crown of Dyrovepreva {rElec Int+2 SInv}
rElec   +          Harm     .    a - +0 cloak of Optimism {Will+ Str+4}
rCorr   .          Rampage  .    (no gloves)
Will    ++...                    Z - +2 pair of boots {Stlth+}
Stlth   ++++......               e - amulet of guardian spirit
HPRegen 0.40/turn                C - +4 ring of evasion
MPRegen 0.15/turn                o - +4 ring of slaying

@: about to teleport, heroic, flying
A: sickness immunity, AC +12, big wings, negative energy resistance 1,
electricity resistance, torment resistance 1, petrification resistance
a: Renounce Religion, Heroism, Finesse, Duel


You were on level 3 of the Abyss.
You worshipped Okawaru.
Okawaru was exalted by your worship.
You visited 3 branches of the dungeon, and saw 21 of its levels.
You visited the Abyss 1 time.
You also visited: Bailey and Gauntlet.

You collected 1511 gold pieces.
You spent 991 gold pieces at shops.

Inventory:

Hand Weapons
 d - a +6 broad axe of holy wrath (weapon)
 h - a +1 scimitar of flaming
 V - the +5 flail of Destruction {vorpal, Int+4}
   (You bought it in a shop on level 15 of the Dungeon)

   It inflicts extra damage upon your enemies.
   Int:       It affects your intelligence (+4).
 Y - a +2 eveningstar of flaming
Missiles
 D - 5 silver javelins (quivered)
 O - 6 silver boomerangs
Armour
 a - the +0 cloak of Optimism (worn) {Will+ Str+4}
   (You found it in a Gauntlet)

   Str:       It affects your strength (+4).
   Will:      It increases your willpower.
 b - a +2 hat of willpower
 r - a +3 chain mail of fire resistance
 y - the +3 leather armour of Hioneasa {Str+3 Int+5 SInv}
   (You found it on level 11 of the Dungeon)

   Str:       It affects your strength (+3).
   Int:       It affects your intelligence (+5).
   SInv:      It lets you see invisible.
 B - the -2 kite shield of Laigg {rF+ rC+}
   (Okawaru gifted it to you on level 3 of the Abyss)

   rF:        It protects you from fire.
   rC:        It protects you from cold.
 H - a +3 scale mail (worn)
 I - the +3 crown of Dyrovepreva (worn) {rElec Int+2 SInv}
   (You bought it in a shop on level 11 of the Dungeon)

   Int:       It affects your intelligence (+2).
   rElec:     It insulates you from electricity.
   SInv:      It lets you see invisible.
 L - a +2 buckler (worn)
 Z - a +2 pair of boots of stealth (worn)
Jewellery
 e - an amulet of guardian spirit (around neck)
 n - a ring of willpower
 o - a +4 ring of slaying (right hand)
 v - the amulet of Yesterday {Faith Drain rN++ Will+}
   (You acquired it in a Gauntlet)

   [amulet of faith]

   It allows you to gain divine favour quickly.
   rN:        It greatly protects you from negative energy.
   Drain:     It drains your maximum health when unequipped.
   Will:      It increases your willpower.
 C - a +4 ring of evasion (left hand)
 Q - a ring of positive energy
Wands
 A - a wand of digging (2)
 F - a wand of polymorph (8)
 S - a wand of acid (12)
 T - a wand of iceblast (2)
Scrolls
 j - 5 scrolls of teleportation
 l - 5 scrolls of fog
 p - 5 scrolls of immolation
 s - a scroll of blinking
 t - 2 scrolls of magic mapping
 u - 6 scrolls of vulnerability
 E - 4 scrolls of poison
 M - a scroll of silence
 N - 4 scrolls of brand weapon
 R - a scroll of torment
 X - 4 scrolls of amnesia
Potions
 c - a potion of might
 f - 2 potions of heal wounds
 g - 5 potions of haste
 i - a potion of magic
 k - 5 potions of invisibility
 m - 10 potions of curing
 q - 3 potions of flight
 w - 3 potions of lignification
 x - 4 potions of mutation
 z - 3 potions of attraction
 G - a potion of cancellation
 J - a potion of resistance
 K - 5 potions of brilliance
 U - a potion of ambrosia {unknown}
 W - 2 potions of berserk rage


   Skills:
 * Level 22.2(27) Fighting
 + Level 3.1(15.7) Axes
 + Level 17.0(22.2) Maces & Flails
 + Level 11.7(16.7) Armour
 + Level 4.0(9.0) Stealth
 + Level 12.5(17.5) Shields
 + Level 1.1 Invocations


You had 15 spell levels left.
You didn't know any spells.
Your spell library contained the following spells:

 Spells                   Type           Power      Damage    Failure   Level
 Apportation              Tloc           0%         N/A       56%         1
 Beastly Appendage        Tmut           0%         N/A       56%         1
 Freeze                   Ice            0%         1d3       56%         1
 Kiss of Death            Conj/Necr      0%         2d5       56%         1
 Magic Dart               Conj           0%         1d3       56%         1
 Necrotise                Necr           0%         1d4       56%         1
 Sandblast                Erth           0%         2d4       56%         1
 Shock                    Conj/Air       0%         1d3       56%         1
 Slow                     Hex            0%         N/A       56%         1
 Blink                    Tloc           0%         N/A       71%         2
 Ensorcelled Hibernation  Hex/Ice        0%         N/A       71%         2
 Momentum Strike          Conj/Tloc      0%         3d8       71%         2
 Passwall                 Tmut/Erth      0%         N/A       71%         2
 Wereblood                Tmut           0%         N/A       71%         2
 Confusing Touch          Hex            0%         N/A       90%         3
 Gell's Gravitas          Tloc           0%         N/A       90%         3
 Lesser Beckoning         Tloc           0%         N/A       90%         3
 Mephitic Cloud           Conj/Pois/Air  0%         N/A       90%         3
 Spider Form              Tmut/Pois      0%         N/A       90%         3
 Stone Arrow              Conj/Erth      0%         3d7       90%         3
 Swiftness                Air            0%         N/A       90%         3
 Teleport Other           Tloc           0%         N/A       90%         3
 Vampiric Draining        Necr           0%         2d6       90%         3
 Airstrike                Air            0%         2d(0-16)  100%        4
 Anguish                  Hex/Necr       0%         N/A       100%        4
 Dispel Undead            Necr           0%         3d6       100%        4
 Agony                    Necr           0%         N/A       100%        5
 Alistair's Intoxication  Tmut/Pois      0%         N/A       100%        5
 Borgnjor's Vile Clutch   Necr/Erth      0%         N/A       100%        5
 Fireball                 Conj/Fire      0%         3d3       100%        5
 Iskenderun's Battlesphe  Conj           0%         2d6       100%        5
 Conjure Ball Lightning   Conj/Air       0%         3x3d6     100%        6
 Eringya's Noxious Bog    Tmut/Pois      0%         N/A       100%        6
 Enfeeble                 Hex            0%         N/A       100%        7
 Orb of Destruction       Conj           0%         9d5       100%        7
 Storm Form               Tmut/Air       0%         N/A       100%        7
 Maxwell's Capacitive Co  Air            0%         ∞         100%        8
 Call Imp                 Summ           Unusable   N/A       N/A         2
 Summon Lightning Spire   Summ/Air       Unusable   N/A       N/A         4

Dungeon Overview and Level Annotations

Branches:
Dungeon (15/15)            Temple (1/1) D:4            Lair (5/5) D:11
 Shoals (0/4) Lair:2       Spider (0/4) Lair:2        Slime (0/5) Lair:4
    Orc (0/2) D:9          Vaults (0/5) D:13         Depths (0/4) D:15
 Bailey (visited)         Gauntlet (visited)

Altars:
Ashenzari
Cheibriados
Dithmenos
Elyvilon
Fedhas
Gozag
Hepliaklqana
Kikubaaqudgha
Makhleb
Nemelex Xobeh
Okawaru
Qazlal
Ru
Sif Muna
Trog
Uskayaw
Vehumet
Wu Jian
Xom
Yredelemnul
Zin
The Shining One

Shops:
D:11 [   D:13 [   D:14 *(*   D:15 *(!(

Annotations:
D:4 2 runed translucent doors, sirJeffrey23's ghost, amateur DsFi
Lair:5 Kirke


Innate Abilities, Weirdness & Mutations

You are immune to sickness and miasma.
Your stone body is resilient. (AC +12)
You are immune to poison.
Your large and strong wings let you fly.
You resist negative energy. (rN+)
You are resistant to electric shocks. (rElec)
You are resistant to unholy torment.
You are immune to petrification.


Message History

You slash the large abomination!
The large abomination convulses!
You destroy the large abomination!
Okawaru accepts your kill.
Your base Axes skill increases to level 3!
Unknown command.
You slash the large abomination!
The large abomination convulses.
The large abomination is moderately damaged.
You feel a little less mighty now. The large abomination misses you.
You slash the large abomination!
The large abomination convulses!
You destroy the large abomination!
Okawaru accepts your kill.
No target in view!
A balrug comes into view.
It is wielding a +0 demon whip of freezing.
A freezing wraith comes into view.
The balrug shouts!
The balrug gestures at you. Something smites you!
You gain the combat prowess of a mighty hero.
The balrug gestures at you. Something smites you!
The balrug hits you with a +0 demon whip of freezing.
You are engulfed in flames!!
The balrug freezes you.
You barely miss the balrug. You slash the balrug!
The balrug convulses.
The balrug is lightly wounded.
The balrug gestures at you.
The fireball explodes!
The fireball engulfs you!!!
* * * LOW HITPOINT WARNING * * *
The fireball engulfs the balrug.
The balrug completely resists.
You hear a roar!
You hear a horrible gurgling sound!
Blink to where?
Press: ? - help, Dir - move target
As you read the scroll of blinking, it crumbles to dust.
As you read the scroll of teleportation, it crumbles to dust.
You feel strangely unstable.
You feel the power of the Abyss delaying your translocation!
The balrug gestures at you. The bolt of fire hits you!!!
You die...

# . . # # . # # ##
# . . . . .. # # .
# ####.### ## #
.#.#...#.§. # #
#.#.##..#..#.#.. #
.#.#.####.#.# .#
.### #.#.....#..#
..##. .#
.#.........@.#..#.
..
...#.#.#.#.#..#..
.# .#..##...# ..
##♣♣♣ #. #...#..##
.## ♣ .
##...##.### ..
##.2#.### #
.#.......#
....#...###
...####....#.##


You could see a balrug.

Vanquished Creatures
  2 tentacled starspawn (Abyss:3)
  Gastronok (D:8)
  A frost giant (D:15)
  Nessos (D:14)
  A minotaur (Gauntlet)
  A fire dragon (D:14)
  5 hydras
  An ice dragon (Lair:4)
  Erolcha (D:10)
  An ogre mage (D:15)
  8 vault guards (D:13)
  5 two-headed ogres
  3 boulder beetles
  2 catoblepae (Lair:4)
  3 tengu warriors
  The ghost of Dordric the Fighter, a novice DjAE of Makhleb (D:10)
  5 death yaks
  2 thrashing horrors (Abyss:3)
  Urug (D:11)
  3 large abominations (Abyss:3)
  2 wretched stars
  Sonja (D:12)
  4 skeletal warriors (D:12)
  A sixfirhy (Abyss:3)
  Nergalle (D:11)
  2 orange crystal statues (Gauntlet)
  2 wizards (D:15)
  2 orc knights (D:15)
  3 deep elf pyromancers
  22 ugly things
  4 manticores (D:15)
  A worldbinder (Abyss:3)
  2 oklob plants (D:11)
  3 cyclopes
  2 black mambas
  An apocalypse crab (Abyss:3)
  16 elephants
  Joseph (D:7)
  2 gargoyles
  2 smoke demons (Lair:5)
  7 cane toads
  3 rime drakes
  4 efreet
  A tengu conjurer (D:13)
  7 komodo dragons
  An ancient zyme (Abyss:3)
  7 trolls
  2 polar bears
  Grinder (D:5)
  9 hornets
  16 blink frogs
  10 slime creatures
  3 jumping spiders (Lair:2)
  2 shadows
  A vampire (D:11)
  Sigmund (D:2)
  A spriggan (shapeshifter) (D:15)
  A ynoxinul (Lair:5)
  A culicivora (shapeshifter) (D:13)
  Eustachio (D:4)
  3 wyverns
  3 wraiths
  A fire bat (Abyss:2)
  A hog (Lair:4)
  32 yaks
  4 basilisks
  11 small abominations
  A redback (Lair:2)
  A chaos spawn (Lair:5)
  5 vampire mosquitoes
  10 water moccasins
  An acid dragon (D:12)
  Duvessa (D:4)
  16 orc warriors
  2 ice beasts
  3 black bears
  A black bear (shapeshifter) (D:15)
  A sky beast (D:7)
  10 ogres
  A boggart (D:15)
  15 centaurs
  2 phantoms
  6 kobold brigands (D:9)
  2 gnoll sergeants
  A wyvern zombie (D:6)
  A scorpion (D:5)
  13 bullfrogs
  2 necrophages
  Dowan (D:4)
  4 wights (D:8)
  2 water moccasin skeletons (D:6)
  16 killer bees (D:9)
  5 howler monkeys
  An electric eel (Lair:4)
  A centaur zombie (D:6)
  3 bullfrog zombies (D:6)
  6 hounds
  An iron imp (Abyss:3)
  A gnoll bouda (D:9)
  9 orc priests
  A bullfrog skeleton (D:6)
  A centaur skeleton (D:6)
  A jelly (D:7)
  11 orc wizards
  4 iguanas
  5 killer bee zombies (D:6)
  2 howler monkey zombies (D:6)
  10 gnolls
  10 adders
  2 white imps
  2 ufetubi (D:6)
  4 dart slugs
  54 orcs
  2 endoplasms
  6 goblins
  8 hobgoblins
  6 quokkas
  4 ball pythons
  5 bats
  3 frilled lizards
  9 kobolds
  7 rats
  A lurking horror (Abyss:2)
  A starspawn tentacle (Abyss:3)
560 creatures vanquished.

Vanquished Creatures (others)
  A demonic plant (Abyss:3)
  23 fungi
  32 plants
  6 starspawn tentacles (Abyss:3)
  9 withered plants (D:6)
71 creatures vanquished.

Grand Total: 631 creatures vanquished

Notes
Turn   | Place    | Note
-------+----------+-------------------------------------------
     0 | D:1      | karrick the Gargoyle Fighter began the quest for the Orb.
     0 | D:1      | Reached XP level 1. HP: 14/14 MP: 1/1
   141 | D:1      | Reached XP level 2. HP: 19/19 MP: 2/2
   685 | D:2      | Reached XP level 3. HP: 23/23 MP: 3/3
   785 | D:2      | Noticed Sigmund
   798 | D:2      | Killed Sigmund
   799 | D:2      | Reached skill level 4 in Fighting
   799 | D:2      | Reached XP level 4. HP: 13/29 MP: 1/4
   799 | D:2      | Reached XP level 5. HP: 15/33 MP: 1/5
   950 | D:2      | Found a faded altar of an unknown god.
   955 | D:2      | Got An Introduction to Magic
  1099 | D:3      | Noticed an ogre
  1110 | D:3      | Killed an ogre
  1111 | D:3      | Reached skill level 5 in Armour
  1111 | D:3      | Reached XP level 6. HP: 25/38 MP: 0/6
  1701 | D:4      | Noticed Dowan
  1708 | D:4      | Killed Dowan
  1750 | D:4      | Reached XP level 7. HP: 41/44 MP: 7/7
  1756 | D:5      | Entered Level 5 of the Dungeon
  1824 | D:5      | Reached skill level 5 in Maces & Flails
  1989 | D:5      | Noticed Grinder
  2004 | D:5      | Killed Grinder
  2005 | D:5      | Reached skill level 5 in Fighting
  2078 | D:5      | Reached XP level 8. HP: 49/49 MP: 8/8
  2731 | D:6      | Reached skill level 5 in Shields
  2987 | D:6      | Reached XP level 9. HP: 50/55 MP: 9/9
  2996 | D:6      | Reached skill level 6 in Fighting
  4110 | D:7      | Found a sacrificial altar of Ru.
  4434 | D:7      | Noticed Joseph
  4852 | D:7      | Reached skill level 10 in Maces & Flails
  5201 | D:7      | Killed Joseph
  5202 | D:7      | Reached XP level 10. HP: 13/61 MP: 3/10
  5363 | D:7      | Found a shimmering blue altar of Sif Muna.
  5659 | D:4      | Noticed Eustachio
  5663 | D:4      | Noticed Duvessa
  5807 | D:4      | Reached skill level 1 in Stealth
  5831 | D:4      | Found a large runed translucent door.
  5831 | D:4      | Found a large runed translucent door.
  5832 | D:4      | Noticed sirJeffrey23's ghost (amateur DsFi)
  5886 | D:4      | Reached skill level 7 in Fighting
  5920 | D:4      | Killed Duvessa
  6001 | D:4      | Killed Eustachio
  6134 | D:4      | Found an ornate altar of the Wu Jian Council.
  6242 | D:4      | Found a staircase to the Ecumenical Temple.
  6503 | Temple   | Entered the Ecumenical Temple
  6700 | Temple   | Became a worshipper of Warmaster Okawaru
  6884 | D:8      | Noticed Gastronok
  6967 | D:8      | Found a flagged portal.
  6976 | Bailey   | Entered a bailey
  7525 | Bailey   | Reached * piety under Okawaru
  7805 | Bailey   | Reached skill level 8 in Fighting
  8161 | D:8      | Noticed a two-headed ogre
  8342 | D:8      | Killed a two-headed ogre
  8450 | D:8      | Reached skill level 9 in Fighting
  8450 | D:8      | Reached XP level 11. HP: 45/71 MP: 7/11
  8485 | D:8      | Reached ** piety under Okawaru
  8647 | D:8      | Killed Gastronok
  8648 | D:8      | Reached skill level 10 in Fighting
  9337 | D:9      | Found a white marble altar of Elyvilon.
  9348 | D:9      | Reached *** piety under Okawaru
  9581 | D:9      | Found a basalt altar of Yredelemnul.
  9880 | D:9      | Found a staircase to the Orcish Mines.
  9952 | D:9      | Reached skill level 11 in Fighting
 10390 | D:9      | Found a radiant altar of Vehumet.
 10411 | D:9      | Found a sparkling altar of Nemelex Xobeh.
 10904 | D:10     | Entered Level 10 of the Dungeon
 10961 | D:10     | Noticed Erolcha
 11170 | D:10     | Killed Erolcha
 11170 | D:10     | Reached **** piety under Okawaru
 11431 | D:10     | Found a runed translucent door.
 11432 | D:10     | Noticed Dordric's ghost (novice DjAE)
 11569 | D:10     | Reached skill level 12 in Fighting
 11635 | D:10     | Noticed a purple ugly thing
 11653 | D:10     | Killed a purple ugly thing
 11831 | D:11     | Noticed Urug
 11852 | D:11     | Noticed a red ugly thing
 12011 | D:12     | Noticed Sonja
 12011 | D:12     | Noticed a skeletal warrior
 12033 | D:11     | Reached XP level 12. HP: 63/82 MP: 8/12
 12279 | D:11     | Reached skill level 13 in Fighting
 12288 | D:11     | Found a staircase to the Lair.
 12289 | D:11     | Noticed Nergalle
 12304 | D:11     | Killed Nergalle
 12304 | D:11     | Received a gift from Okawaru
 12370 | Lair:1   | Entered Level 1 of the Lair of Beasts
 12451 | Lair:1   | Reached ***** piety under Okawaru
 12463 | Lair:1   | Reached skill level 14 in Fighting
 12620 | Lair:1   | You are sucked into a shaft and drop 1 floor!
 12640 | Lair:1   | Received a gift from Okawaru
 12954 | Lair:1   | Reached skill level 15 in Fighting
 13514 | Lair:2   | Found a staircase to the Shoals.
 13690 | Lair:2   | Found a hole to the Spider Nest.
 14142 | Lair:3   | Noticed a boulder beetle
 14142 | Lair:3   | Found an ornate altar of the Wu Jian Council.
 14142 | Lair:3   | Found a hide-covered altar of Uskayaw.
 14222 | Lair:3   | Reached skill level 16 in Fighting
 14222 | Lair:3   | Reached XP level 13. HP: 72/93 MP: 13/13
 14319 | Lair:3   | Found a hazy altar of Hepliaklqana.
 14845 | Lair:4   | Found a gate leading to a gauntlet.
 14863 | Lair:4   | Received a gift from Okawaru
 14880 | Gauntlet | Entered a Gauntlet
 14880 | Gauntlet | Found a transporter.
 14880 | Gauntlet | Found a transporter.
 14880 | Gauntlet | Found a transporter.
 14881 | Gauntlet | Found a transporter.
 14884 | Gauntlet | Found a transporter.
 14904 | Gauntlet | Found a transporter.
 14909 | Gauntlet | Found a transporter.
 14915 | Gauntlet | Found a transporter.
 14932 | Gauntlet | Found a transporter.
 14940 | Gauntlet | Found a transporter.
 14957 | Gauntlet | Found a transporter.
 15008 | Gauntlet | Found a transporter.
 15135 | Gauntlet | Identified the +0 cloak of Optimism {Will+ Str+4}
 15158 | Gauntlet | Acquired the amulet of Yesterday {Faith Drain rN++ Will+}
 15232 | Gauntlet | Noticed a minotaur
 15247 | Gauntlet | Killed a minotaur
 15248 | Gauntlet | Reached skill level 1 in Invocations
 15326 | Lair:4   | Reached skill level 10 in Armour
 15357 | Lair:4   | Reached skill level 1 in Axes
 15362 | Lair:4   | Reached skill level 17 in Fighting
 15364 | Lair:4   | Found a staircase to the Slime Pits.
 15651 | Lair:4   | Received a gift from Okawaru
 15794 | Lair:4   | Identified the +9 long sword of Amortisation {elec, rF+
                  | Str+2}
 15922 | Lair:4   | Received a gift from Okawaru
 15923 | Lair:4   | Reached skill level 15 in Maces & Flails
 16021 | Lair:4   | Noticed an ice dragon
 16057 | Lair:5   | Entered Level 5 of the Lair of Beasts
 16361 | Lair:3   | Reached skill level 18 in Fighting
 16361 | Lair:3   | Reached skill level 10 in Shields
 17065 | D:11     | Identified the +3 leather armour of Hioneasa {Str+3 Int+5
                  | SInv}
 17252 | D:11     | Killed Urug
 17269 | D:11     | Found Saodeh's Armour Boutique.
 17346 | D:11     | Bought the +3 crown of Dyrovepreva {rElec Int+2 SInv} for
                  | 703 gold pieces
 17346 | D:11     | Found the +3 crown of Dyrovepreva {rElec Int+2 SInv}
 17850 | D:11     | Gained mutation: Your large and strong wings let you fly.
                  | [Gargoyle growth]
 17850 | D:11     | Reached XP level 14. HP: 104/104 MP: 14/14
 18045 | D:12     | Received a gift from Okawaru
 18095 | D:12     | Killed Sonja
 18142 | D:12     | Reached skill level 19 in Fighting
 18221 | D:12     | Reached ****** piety under Okawaru
 18757 | D:13     | Found a gate to the Vaults.
 19021 | D:13     | Found Eweum's Armour Shop.
 19093 | D:13     | Received a gift from Okawaru
 19122 | D:13     | Reached skill level 20 in Fighting
 19809 | D:14     | Found Cyqe's Weapon Shoppe.
 19837 | D:14     | Noticed Nessos
 19865 | D:15     | Entered Level 15 of the Dungeon
 20144 | D:15     | Found Benenkazi's Weapon Shop.
 20165 | D:15     | Found Tanexihe's Antique Weapon Shop.
 20178 | D:15     | Bought a faintly glowing flail for 246 gold pieces
 20178 | D:15     | Identified the +5 flail of Destruction {vorpal, Int+4} (You
                  | bought it in a shop on level 15 of the Dungeon)
 20270 | D:15     | Found a staircase to the Depths.
 20270 | D:15     | Noticed a frost giant
 20423 | D:15     | Found Dixkoigo's General Store.
 20480 | D:15     | Reached XP level 15. HP: 105/114 MP: 15/15
 20599 | D:15     | Reached skill level 21 in Fighting
 21039 | D:15     | Found Udwufu's Distillery.
 21301 | D:15     | Killed a frost giant
 21361 | D:15     | Received a gift from Okawaru
 21711 | D:14     | Found Bikh's General Store.
 21732 | D:14     | Bought a scroll of teleportation for 42 gold pieces
 21960 | D:14     | Killed Nessos
 22163 | D:14     | Found Gosiy's General Store.
 22425 | D:10     | Killed Dordric's ghost
 22927 | Lair:5   | Noticed Kirke
 23120 | Lair:5   | Received a gift from Okawaru
 23596 | Lair:5   | Reached skill level 22 in Fighting
 23796 | Abyss:2  | Cast into level 2 of the Abyss (spriggan)
 23950 | Abyss:3  | Noticed a tentacled starspawn
 23965 | Abyss:3  | Killed a tentacled starspawn
 24078 | Abyss:3  | Identified the -2 kite shield of Laigg {rF+ rC+} (Okawaru
                  | gifted it to you on level 3 of the Abyss)
 24078 | Abyss:3  | Received a gift from Okawaru
 24278 | Abyss:3  | Reached XP level 16. HP: 116/123 MP: 16/16
 24281 | Abyss:3  | Noticed a tentacled starspawn
 24295 | Abyss:3  | Killed a tentacled starspawn
 24392 | Abyss:3  | Killed from afar by a balrug

Illustrated notes

Levels and vault maps discovered:
D:1:      scummos_arrival_simple_fountains, layout_rooms
D:2:      layout_rooms, chequers_ecumenical_altar_twisty, uniq_sigmund
D:3:      layout_rooms
D:4:      layout_loops_ring, nzn_wu_jian_council_hall,
          minmay_temple_entry_poolview, ebering_ghost_disaster_area,
          uniq_eustachio, uniq_duvessa
D:5:      layout_rooms, guppyfry_early_lair_pool, uniq_grinder
D:6:      layout_basic, serial_undead, serial_undead_c, serial_undead_f,
          serial_undead_d, serial_undead_d, serial_undead_a, serial_undead_f,
          serial_undead_a
D:7:      layout_loops_corners, mainiacjoe_overflow_big_doors, st_stairs_2,
          uniq_joseph
D:8:      layout_basic, enter_bailey_3, kennysheep_generic_room_11,
          uniq_gastronok
D:9:      layout_layer_cave, mainiacjoe_overflow_alcove_2,
          mainiacjoe_overflow_catwalk_spiral, elyvilon_altar_4,
          kennysheep_orc_monster_closet_entryway
D:10:     layout_gridville, hellmonk_ghost_happy_afterlife, uniq_erolcha
D:11:     layout_long_grid, dpeg_oklobed_lair, serial_shops, shop,
          uniq_nergalle, uniq_urug
D:12:     layout_gridville, st_stairs_2, uniq_sonja
D:13:     layout_loops_ring, erik_vaults_2, serial_shops, shop
D:14:     layout_roguey, serial_shops, shop, nicolae_shop_behind_doors, shop,
          nicolae_integral_box, uniq_nessos
D:15:     grunt_enter_depths_snipers, layout_loops_corners,
          minmay_misc_feat_tiny, serial_shops, shop, shop,
          nicolae_shop_bloodbath_and_beyond, shop, statue_in_the_mist_lemuel,
          minmay_mirror_moons_of_madness
Temple:   bh_familiar_temple
Lair:1:   layout_chaotic_city
Lair:2:   layout_chaotic_city, elwin_shoals_entry_rooms,
          spider_nest_entry_funnel_web, minivault_19,
          chequers_serial_rivers_large_a
Lair:3:   layout_hall_layers, basic_altar, nzn_masters_of_martial_movement
Lair:4:   dragon1_lemuel, layout_gridlike, slime_entry_1, serial_rivers,
          chequers_serial_rivers_micro_a, chequers_serial_rivers_marsh,
          chequers_serial_rivers_micro_e, chequers_serial_rivers_small_b,
          chequers_serial_rivers_room_b, chequers_serial_rivers_small_a,
          gauntlet_entry_generic, dreamdust_wasp_nest
Lair:5:   hellmonk_lair_end_abyssal_woods, layout_concentric_octagons,
          uniq_kirke
Abyss:3:  base: D:2, spicy_pingpong_abyss_rune, base: D:2, minivault_23,
          hangedman_abyss_rune_macabre_mess

Skill      XL: |  1  2  3  4  5  6  7  8  9 10 11 12 13 14 15 16 |
---------------+-------------------------------------------------+-----
Fighting       | 4 5 6 9 12 16 18 20 22 | 22.2
Maces & Flails | 3 4 6 7 10 11 12 14 15 16 17 | 17.0
Armour         | 4 5 6 7 8 9 10 11 | 11.7
Shields        | 4 5 6 7 8 9 10 11 12 | 12.5
Stealth        | 1 2 4 |  4.0
Invocations    | 1 |  1.1
Axes           | 1 2 3 |  3.1

Action                   |  1- 3 |  4- 6 |  7- 9 | 10-12 | 13-15 | 16-18 || total
-------------------------+-------+-------+-------+-------+-------+-------++-------
Melee: Flail             |    93 |   116 |   417 |   966 |   544 |       ||  2136
       Morningstar       |       |       |       |       |   576 |       ||   576
       War axe           |       |       |       |       |     7 |       ||     7
       Broad axe         |       |       |       |       |    31 |    22 ||    53
Invok: Heroism           |       |       |       |     8 |    12 |     1 ||    21
  Use: Potion            |     1 |     2 |     1 |     5 |       |       ||     9
       Scroll            |       |       |       |     7 |    38 |     2 ||    47
 Stab: Petrified         |       |       |       |       |     1 |       ||     1
       Distracted        |       |       |       |       |     3 |       ||     3
       Sleeping          |       |       |       |       |     1 |       ||     1
Armor: Scale mail        |    39 |    60 |   239 |   425 |   625 |     5 ||  1393
       Ring mail         |       |       |       |    71 |       |       ||    71
Dodge: Dodged            |    43 |    36 |   155 |   396 |   535 |     6 ||  1171
Block: Buckler           |    20 |    22 |    99 |   323 |   452 |     8 ||   924

Table legend: (Time is in decaauts)
 A = Elapsed time spent in this place.
 B = Non-inter-level travel time spent in this place.
 C = Inter-level travel time spent in this place.
 D = Time resting spent in this place.
 E = Time spent auto-exploring this place.
 F = Levels seen in this place.
 G = Mean time per level.
                   A        B        C        D        E       F      G
               +--------+--------+--------+--------+--------+-----+--------+
         Total |  24040 |  22762 |   1278 |    972 |  15675 |  25 |  961.6 |
       Dungeon |  16358 |  15334 |   1024 |    265 |  11345 |  15 | 1090.5 |
        Temple |    223 |    164 |     59 |      0 |    160 |   1 |  223.0 |
          Lair |   5344 |   5149 |    195 |      0 |   4106 |   5 | 1068.8 |
         Abyss |    604 |    604 |      0 |    190 |      0 |   2 |  302.0 |
        Bailey |   1129 |   1129 |      0 |    453 |     64 |   1 | 1129.0 |
      Gauntlet |    381 |    381 |      0 |     64 |      0 |   1 |  381.0 |
               +--------+--------+--------+--------+--------+-----+--------+

Top non-repeatable levels by time:
     D:9: 1820 daAuts
    D:15: 1556 daAuts
     D:6: 1428 daAuts
     D:7: 1405 daAuts
  Lair:3: 1282 daAuts
  Lair:4: 1266 daAuts
     D:8: 1252 daAuts
    D:11: 1232 daAuts
     D:4: 1206 daAuts
  Bailey: 1129 daAuts
    D:14: 1059 daAuts
  Lair:5: 997 daAuts
     D:5: 976 daAuts
    D:13: 973 daAuts
    D:12: 968 daAuts
